2488 views
Uploaded 2021-08-15 03:08:27
Game version 1.32.10
26:39 long 1on1 ladder game on (4)TwistedMeadows
Saved by aom
2488 views
Uploaded 2021-08-15 03:08:27
Game version 1.32.10
26:39 long 1on1 ladder game on (4)TwistedMeadows

51 units @ 7.2k
/ 1k
26 buildings @ 3.7k
/ 1.6k

| Scroll of Regeneration | 1 | 100 |
| Orb of Fire | 1 | 325 |
| total: | 2 | 425g |
| Peasant | 26 | 1950 | / | 0 |
| Footman | 7 | 945 | / | 0 |
| Priest | 3 | 405 | / | 30 |
| Spell Breaker | 2 | 430 | / | 60 |
| Knight | 5 | 1225 | / | 300 |
| Gryphon Rider | 5 | 1400 | / | 350 |
| Goblin Shredder | 1 | 375 | / | 100 |
| Goblin Zeppelin | 2 | 480 | / | 120 |
| total: | 51 | 7210g | / | 960w |
| Scout Tower | 4 | 120 | / | 80 |
| Arcane Tower | 1 | 70 | / | 50 |
| Guard Tower | 3 | 210 | / | 150 |
| Barracks | 1 | 160 | / | 60 |
| Altar of Kings | 2 | 360 | / | 100 |
| Farm | 10 | 800 | / | 200 |
| Lumber Mill | 1 | 120 | / | 0 |
| Arcane Vault | 1 | 130 | / | 30 |
| Town Hall | 4 | 1540 | / | 820 |
| Blacksmith | 1 | 140 | / | 60 |
| Arcane Sanctum | 1 | 150 | / | 140 |
| Gryphon Aviary | 1 | 140 | / | 150 |
| Keep | 1 | 320 | / | 210 |
| Castle | 1 | 360 | / | 210 |
| total: | 26 | 3660g | / | 1640w |
| 0:02 | Peasant |
| 0:09 | Barracks |
| 0:13 | Altar of Kings |
| 0:17 | Peasant |
| 0:22 | Farm |
| 0:32 | Peasant |
| 0:48 | Peasant |
| 1:04 | Farm |
| 1:06 | Peasant |
| 1:12 | Footman |
| 1:26 | Peasant |
| 1:40 | Footman |
| 1:43 | Farm |
| 1:48 | Peasant |
| 2:03 | Footman |
| 2:07 | Scout Tower |
| 2:22 | Farm |
| 2:23 | Storm Bolt |
| 2:28 | Footman |
| 2:41 | Arcane Tower |
| 2:44 | Peasant |
| 3:01 | Scout Tower |
| 3:05 | Lumber Mill |
| 3:09 | Peasant |
| 3:44 | Keep |
| 3:53 | Footman |
| 3:57 | Bash |
| 4:03 | Farm |
| 4:12 | Guard Tower |
| 4:19 | Footman |
| 4:35 | Arcane Vault |
| 4:43 | Footman |
| 4:49 | Farm |
| 5:15 | Improved Lumber Harvesting |
| 5:31 | Farm |
| 5:44 | Scout Tower |
| 5:51 | Scroll of Regeneration |
| 6:09 | Peasant |
| 6:12 | Guard Tower |
| 6:18 | Peasant |
| 6:27 | Town Hall |
| 6:44 | Town Hall |
| 6:51 | Peasant |
| 6:58 | Arcane Sanctum |
| 7:13 | Castle |
| 7:40 | Storm Bolt |
| 8:15 | Scout Tower |
| 8:17 | Priest |
| 8:17 | Spell Breaker |
| 8:25 | Blacksmith |
| 8:42 | Peasant |
| 8:42 | Peasant |
| 8:44 | Peasant |
| 8:47 | Guard Tower |
| 9:00 | Gryphon Aviary |
| 9:07 | Spell Breaker |
| 9:18 | Iron Forged Swords |
| 9:34 | Knight |
| 9:45 | Improved Masonry |
| 9:51 | Priest |
| 9:56 | Knight |
| 10:50 | Knight |
| 10:53 | Bash |
| 11:05 | Farm |
| 11:11 | Steel Forged Swords |
| 11:26 | Goblin Shredder |
| 11:27 | Goblin Zeppelin |
| 11:41 | Farm |
| 11:57 | Orb of Fire |
| 12:46 | Town Hall |
| 13:47 | Gryphon Rider |
| 13:50 | Farm |
| 13:53 | Knight |
| 13:59 | Iron Plating |
| 14:39 | Gryphon Rider |
| 14:57 | Goblin Zeppelin |
| 15:34 | Gryphon Rider |
| 16:20 | Storm Bolt |
| 17:07 | Avatar |
| 17:46 | Bash |
| 17:55 | Peasant |
| 17:55 | Peasant |
| 17:56 | Peasant |
| 18:11 | Priest |
| 18:29 | Peasant |
| 18:48 | Peasant |
| 19:16 | Peasant |
| 19:16 | Peasant |
| 20:10 | Town Hall |
| 20:36 | Gryphon Rider |
| 20:41 | Mithril Forged Swords |
| 21:43 | Knight |
| 21:57 | Steel Plating |
| 22:13 | Storm Hammers |
| 23:33 | Mithril Plating |
| 23:34 | Gryphon Rider |
| 25:14 | Altar of Kings |
| 25:16 | Peasant |
| 25:16 | Peasant |
| 25:33 | Peasant |
| 25:33 | Peasant |
| Right click | 408 |
| Select | 306 |
| Select group | 232 |
| Build/train/purchase | 85 |
| Use ability | 73 |
| Assign group | 21 |
| Chat | 8 |
| Remove unit | 2 |
| Misc. action | 1 |
| Item give/drop | 1 |
| Esc | 1 |
34 units @ 5.2k
/ 0.7k
19 buildings @ 3.2k
/ 1.4k



| Rod of Necromancy | 2 | 300 |
| Ritual Dagger | 1 | 125 |
| Potion of Healing | 1 | 150 |
| Scroll of Healing | 2 | 500 |
| Circlet of Nobility | 1 | 175 |
| Potion of Lesser Invulnerability | 1 | 150 |
| Scroll of Protection | 1 | 150 |
| total: | 9 | 1550g |
| Acolyte | 13 | 975 | / | 0 |
| Ghoul | 9 | 1080 | / | 0 |
| Crypt Fiend | 4 | 860 | / | 160 |
| Obsidian Statue | 1 | 200 | / | 35 |
| Abomination | 2 | 480 | / | 140 |
| Frost Wyrm | 2 | 770 | / | 240 |
| Goblin Shredder | 1 | 375 | / | 100 |
| Goblin Zeppelin | 1 | 240 | / | 60 |
| Forest Troll Shadow Priest | 1 | 195 | / | 10 |
| total: | 34 | 5175g | / | 745w |
| Nerubian Tower | 1 | 100 | / | 20 |
| Spirit Tower | 1 | 145 | / | 40 |
| Altar of Darkness | 1 | 180 | / | 50 |
| Ziggurat | 7 | 1050 | / | 350 |
| Crypt | 1 | 200 | / | 50 |
| Tomb of Relics | 2 | 260 | / | 60 |
| Graveyard | 1 | 215 | / | 0 |
| Necropolis | 2 | 450 | / | 0 |
| Slaughterhouse | 1 | 140 | / | 135 |
| Boneyard | 4 | 700 | / | 800 |
| Halls of the Dead | 1 | 320 | / | 210 |
| Black Citadel | 1 | 325 | / | 230 |
| total: | 19 | 3195g | / | 1445w |
| 0:06 | Acolyte |
| 0:08 | Altar of Darkness |
| 0:09 | Ziggurat |
| 0:11 | Acolyte |
| 0:38 | Crypt |
| 0:58 | Tomb of Relics |
| 1:32 | Graveyard |
| 1:38 | Ghoul |
| 1:38 | Ghoul |
| 2:06 | Rod of Necromancy |
| 2:08 | Sleep |
| 2:09 | Ghoul |
| 2:47 | Halls of the Dead |
| 2:49 | Ghoul |
| 3:09 | Cannibalize |
| 3:13 | Ziggurat |
| 3:55 | Vampiric Aura |
| 4:06 | Crypt Fiend |
| 4:11 | Unholy Strength |
| 5:01 | Crypt Fiend |
| 5:05 | Creature Attack |
| 5:31 | Vampiric Aura |
| 5:35 | Black Citadel |
| 5:41 | Ziggurat |
| 5:44 | Improved Unholy Strength |
| 6:47 | Slaughterhouse |
| 7:02 | Rod of Necromancy |
| 7:03 | Ritual Dagger |
| 7:43 | Death Coil |
| 7:57 | Unholy Armor |
| 8:29 | Goblin Shredder |
| 8:44 | Ghoul |
| 8:44 | Ghoul |
| 9:07 | Carrion Swarm |
| 9:26 | Circlet of Nobility |
| 9:28 | Potion of Lesser Invulnerability |
| 9:39 | Ziggurat |
| 9:43 | Unholy Aura |
| 9:45 | Ghoul Frenzy |
| 9:46 | Crypt Fiend |
| 9:50 | Forest Troll Shadow Priest |
| 10:54 | Advanced Unholy Strength |
| 10:56 | Destroyer Form |
| 10:58 | Disease Cloud |
| 11:41 | Rain of Fire |
| 11:53 | Obsidian Statue |
| 12:49 | Death Coil |
| 13:00 | Cleaving Attack |
| 13:12 | Acolyte |
| 13:12 | Acolyte |
| 13:25 | Web |
| 13:26 | Burrow |
| 13:56 | Necropolis |
| 13:57 | Necropolis |
| 15:01 | Ziggurat |
| 15:02 | Tomb of Relics |
| 15:03 | Ziggurat |
| 15:11 | Stone Form |
| 15:13 | Improved Unholy Armor |
| 15:20 | Scroll of Healing |
| 15:27 | Scroll of Protection |
| 15:28 | Scroll of Healing |
| 15:37 | Acolyte |
| 15:38 | Acolyte |
| 18:41 | Nerubian Tower |
| 18:42 | Spirit Tower |
| 18:44 | Boneyard |
| 18:46 | Boneyard |
| 18:47 | Boneyard |
| 18:48 | Boneyard |
| 18:55 | Abomination |
| 18:55 | Abomination |
| 18:59 | Improved Creature Attack |
| 18:59 | Creature Carapace |
| 19:23 | Ziggurat |
| 20:14 | Frost Wyrm |
| 20:20 | Ghoul |
| 20:21 | Ghoul |
| 20:21 | Ghoul |
| 20:33 | Unholy Aura |
| 20:39 | Potion of Healing |
| 21:20 | Acolyte |
| 21:38 | Frost Wyrm |
| 22:00 | Acolyte |
| 22:03 | Acolyte |
| 22:16 | Acolyte |
| 22:29 | Acolyte |
| 22:32 | Acolyte |
| 22:46 | Cleaving Attack |
| 23:02 | Crypt Fiend |
| 23:22 | Freezing Breath |
| 23:33 | Vampiric Aura |
| 24:10 | Acolyte |
| 24:55 | Rain of Fire |
| 25:49 | Goblin Zeppelin |
| 26:23 | Inferno |
| Select group | 1707 |
| Right click | 679 |
| Select | 464 |
| Misc. action | 137 |
| Build/train/purchase | 109 |
| Use ability | 35 |
| Assign group | 30 |
| Item give/drop | 11 |
| Minimap ping | 3 |
| Chat | 3 |
| Remove unit | 2 |